 Dungeon Crawl Stone Soup version 0.28.0-53-g5a82cb258f (webtiles) character file.

Game seed: 16011609444744381441

22352 Ashen the Covert (level 12, -1/94 HPs)
             Began as a Demonspawn Ice Elementalist on July 9, 2022.
             Was a High Priest of Vehumet.
             Killed by divine providence
             ... invoked by an orc high priest
              (15 damage)
             ... on level 2 of the Orcish Mines.
             The game lasted 00:37:48 (13986 turns).

Ashen the Covert (Demonspawn Ice Elementalist)     Turns: 13986, Time: 00:37:48

Health: -1/94      AC:  9    Str: 11    XL:     12   Next: 62%
Magic:  8/24       EV: 14    Int: 26    God:    Vehumet [*****.]
Gold:   369        SH:  5    Dex: 13    Spells: 14/27 levels left

rFire   . . .      SeeInvis .   b - +2 demon trident (venom)
rCold   . . .      Faith    .   J - +0 buckler
rNeg    . . .      Spirit   .   m - +1 troll leather armour {Pargi}
rPois   .          Reflect  .   (no helmet)
rElec   .          Harm     .   (no cloak)
rCorr   .          Rampage  .   (no gloves)
Will    .....                   k - +0 pair of boots
Stlth   ++++......              (no amulet)
HPRegen 1.05/turn               h - +6 ring of intelligence
MPRegen 0.19/turn               B - ring of wizardry

@: no status effects
A: claws 2, yellow scales 2, spiny 3
a: Renounce Religion


You were on level 2 of the Orcish Mines.
You worshipped Vehumet.
Vehumet was extremely pleased with you.
You visited 3 branches of the dungeon, and saw 16 of its levels.
You also visited: Trove and Sewer.

You collected 1203 gold pieces.
You spent 834 gold pieces at shops.

Inventory:

Hand Weapons
 b - a +2 demon trident of venom (weapon)
 f - a +3 demon trident of electrocution
 y - a +4 demon trident of protection
 U - the +5 scythe "Finisher" {speed, eviscerate}
   (You found it in a treasure trove)

   Attacks with this weapon are significantly faster.
   It may eviscerate those it strikes, slaying them instantly, with a decreasing
   chance against stronger foes.
Missiles
 z - 2 throwing nets
Armour
 k - a +0 pair of boots (worn)
 m - a +1 troll leather armour (worn) {Pargi}
 x - a +0 robe of willpower
 J - a +0 buckler (worn)
 N - a +0 kite shield
Jewellery
 h - a +6 ring of intelligence (left claw)
 B - a ring of wizardry (right claw)
 K - a +4 ring of slaying
 L - a ring of protection from fire
 O - a ring of protection from fire
Wands
 v - a wand of iceblast (13)
 P - a wand of acid (5)
Scrolls
 c - 10 scrolls of teleportation
 g - 4 scrolls of vulnerability
 i - 6 scrolls of fear
 j - 2 scrolls of enchant armour
 l - 5 scrolls of magic mapping
 t - a scroll of holy word
 u - 3 scrolls of silence
 C - a scroll of brand weapon
 D - 3 scrolls of immolation
Potions
 a - a potion of berserk rage
 d - 2 potions of cancellation
 e - a potion of degeneration
 n - 2 potions of invisibility
 o - a potion of heal wounds
 p - 3 potions of might
 q - a potion of magic {unknown}
 r - a potion of mutation
 s - 3 potions of ambrosia {unknown}
 w - 6 potions of brilliance
 A - 2 potions of haste
 E - 2 potions of lignification
 F - 2 potions of attraction
 G - 3 potions of flight
 M - 3 potions of curing


   Skills:
 + Level 8.8 Fighting
 + Level 4.5 Polearms
 + Level 8.2 Dodging
 + Level 9.0 Stealth
 + Level 4.8 Shields
 + Level 8.2 Spellcasting
 + Level 8.9 Ice Magic
 + Level 4.5 Air Magic


You had 14 spell levels left.
You knew the following spells:

 Your Spells              Type           Power      Damage    Failure   Level
a - Freeze                Ice            100%       1d11      1%          1
b - Frozen Ramparts       Ice            100%       1d12      1%          3
c - Ozocubu's Armour      Ice            54%        N/A       1%          3
d - Hailstorm             Conj/Ice       33%        3d8       1%          4
e - Static Discharge      Conj/Air       22%        N/A       1%          2

Your spell library contained the following spells:

 Spells                   Type           Power      Damage    Failure   Level
 Eringya's Noxious Bog    Tmut/Pois      5%         N/A       75%         6
 Shock                    Conj/Air       88%        1d8       1%          1
 Scorch                   Fire           20%        2d6       1%          2
 Swiftness                Air            34%        N/A       1%          3
 Airstrike                Air            17%        N/A       1%          4
 Ignite Poison            Fire/Tmut/Pois 10%        N/A       3%          3
 Summon Small Mammal      Summ           40%        N/A       4%          1
 Flame Wave               Conj/Fire      10%        2d5       11%         4
 Call Canine Familiar     Summ           10%        N/A       12%         3
 Summon Guardian Golem    Hex/Summ       10%        N/A       12%         3
 Conjure Ball Lightning   Conj/Air       11%        3x3d6     47%         6
 Statue Form              Tmut/Erth      6%         N/A       99%         6
 Summon Cactus Giant      Summ           5%         N/A       99%         6
 Discord                  Hex            5%         N/A       100%        8
 Disjunction              Tloc           5%         N/A       100%        8
 Fire Storm               Conj/Fire      5%         8d1       100%        9


Dungeon Overview and Level Annotations

Branches:
Dungeon (13/15)            Temple (1/1) D:4            Lair (0/6) D:8
    Orc (2/2) D:11            Elf (0/3) Orc:2         Sewer (visited)
 Vaults: D:13-14

Altars:
Ashenzari
Cheibriados
Dithmenos
Elyvilon
Fedhas
Gozag
Hepliaklqana
Kikubaaqudgha
Makhleb
Nemelex Xobeh
Okawaru
Qazlal
Ru
Sif Muna
Trog
Uskayaw
Vehumet
Wu Jian
Xom
Yredelemnul
Zin
The Shining One

Shops:
D:3 !*[[   Orc:2 [


Innate Abilities, Weirdness & Mutations

You have very sharp fingernails.
You are mostly covered in yellow scales. (AC +3)
You are completely covered in sharp spines.


Message History

Things that are here:
a +0 flail; an orc corpse You feel much better.
The smoke demon is struck by your spines.
The smoke demon misses you. The smoke demon closely misses you.
The smoke demon barely misses you.
The orc knight roars a battlecry!
The orc high priest goes into a battle-frenzy!
The orc high priest mumbles some strange prayers to Beogh.
The sixfirhy barely misses you.
You see here a +0 hand axe.
Things that are here:
a +0 halberd; a +0 plate armour The sixfirhy is struck by your spines.
The sixfirhy hits you. The sixfirhy shocks you!
The sixfirhy is struck by your spines. The sixfirhy completely misses you.
You block the sixfirhy's attack. The sixfirhy is struck by your spines.
The sixfirhy hits you but does no damage.
The sixfirhy hits you. The sixfirhy shocks you!
The smoke demon gestures at you. Beogh smites you!
* * * LOW HITPOINT WARNING * * *
The sixfirhy is struck by your spines. The sixfirhy closely misses you.
The sixfirhy barely misses you. The smoke demon gestures at you.
Beogh smites you!
* * * LOW HITPOINT WARNING * * *
Things that are here:
2 boomerangs; a +0 hand axe You feel much better.
The orc high priest calls down the wrath of Beogh upon you.
Beogh smites you!
* * * LOW HITPOINT WARNING * * *
The smoke demon gestures at you. Beogh smites you!
* * * LOW HITPOINT WARNING * * *
The orc high priest calls down the wrath of Beogh upon you.
Beogh smites you!
You die...

$.......................#........
.#...............................
#........3#................>.....
........)#o......................
...).#)...#......................
.o)o.o#..###...#..[.).∩....##....
..)#.#######..#...[)).......##...
).#### #...3..................
...# #....(@................
##..# ##.##[#[)..............
.#### ##....#............... o.##
#....###.............. 4..##
##.....##.##......#...


ooo.# ###....####.......... #o..# ###..###......##... #)..# #...###..#...#...
.÷.## ##.## ####...#... You could see an orc high priest (strong), a sixfirhy
(summoned) and a smoke demon (summoned).

Vanquished Creatures
  A hydra (D:11)
  Erolcha (Orc:2)
  The ghost of mcbry74 the Severer, a journeyman HOFi of Hepliaklqana (D:10)
  A centaur warrior (D:12)
  2 two-headed ogres
  Pikel (D:5)
  4 orc knights
  A cyclops (D:12)
  A deep elf pyromancer (D:12)
  An orc sorcerer (Orc:2)
  An ugly thing (D:12)
  2 manticores (D:12)
  An elephant (D:8)
  A guardian serpent (shapeshifter) (D:12)
  7 centaur zombies
  Psyche (D:11)
  An unseen horror (D:11)
  3 trolls
  A hornet (D:10)
  A wyvern (D:4)
  A human (D:11)
  A yak (shapeshifter) (D:11)
  17 yaks
  A basilisk (D:8)
  4 vampire mosquitoes (D:10)
  3 wargs (D:11)
  An acid dragon (D:6)
  2 water moccasins
  Pargi (Sewer)
  A black bear (D:8)
  15 orc warriors
  3 ice beasts (D:7)
  2 hornet zombies
  5 ogres
  A necrophage (D:7)
  A lemure (D:5)
  3 centaurs
  3 phantoms
  A kobold brigand (D:6)
  4 bullfrogs
  A wyvern zombie (D:8)
  4 gnoll sergeants
  5 scorpions
  3 killer bees (D:9)
  4 wights (D:8)
  5 howler monkeys
  4 hounds
  10 orc priests
  7 jellies
  A bullfrog skeleton (D:5)
  2 centaur skeletons
  2 gnoll shamans
  5 iguanas
  A scorpion zombie (D:5)
  17 orc wizards
  2 killer bee zombies
  A centaur simulacrum (D:9)
  A hound skeleton (D:5)
  Robin (D:2)
  25 gnolls
  2 howler monkey zombies
  4 howler monkey skeletons
  3 river rats (D:10)
  7 adders
  A shadow imp (D:6)
  A white imp (D:6)
  An ufetubus (D:5)
  An adder skeleton (D:4)
  2 dart slugs
  53 orcs
  An endoplasm (D:3)
  16 goblins
  10 hobgoblins
  2 jackals (D:3)
  4 quokkas
  7 ball pythons
  5 bats
  17 frilled lizards
  8 kobolds
  8 rats
357 creatures vanquished.

Vanquished Creatures (others)
  An orc wizard (D:8)
  2 fungi
  18 plants
21 creatures vanquished.

Grand Total: 378 creatures vanquished

Notes
Turn   | Place    | Note
-------+----------+-------------------------------------------
     0 | D:1      | Ashen the Demonspawn Ice Elementalist began the quest for
                  | the Orb.
     0 | D:1      | Reached XP level 1. HP: 13/13 MP: 3/3
   233 | D:1      | Reached skill level 2 in Stealth
   233 | D:1      | Gained mutation: You are partially covered in yellow
                  | scales. (AC +2) [demonic ancestry]
   233 | D:1      | Reached XP level 2. HP: 17/20 MP: 1/5
   942 | D:1      | Reached skill level 1 in Fighting
   953 | D:1      | Reached XP level 3. HP: 25/26 MP: 1/6
  1330 | D:2      | Learned a level 3 spell: Frozen Ramparts
  1388 | D:2      | Noticed Robin
  1501 | D:2      | Killed Robin
  1710 | D:2      | Reached XP level 4. HP: 32/32 MP: 5/7
  1735 | D:2      | Learned a level 3 spell: Ozocubu's Armour
  1899 | D:2      | Found a faded altar of an unknown god.
  2193 | D:3      | Found Rualuela's Antique Armour Boutique.
  2313 | D:3      | Found Wanuh's Antique Armour Shoppe.
  2503 | D:3      | Found Nerch's Distillery.
  2598 | D:3      | Found Qilokib's Assorted Antiques.
  2657 | D:3      | Bought a scroll labelled YNEECRUERU for 24 gold pieces
  2657 | D:3      | Bought a scroll labelled WEAFFEIMOR for 24 gold pieces
  2660 | D:3      | Found a glowing drain.
  2672 | Sewer    | Entered a sewer
  2782 | Sewer    | Noticed Pargi
  2815 | Sewer    | Killed Pargi
  2816 | Sewer    | Reached skill level 3 in Stealth
  2816 | Sewer    | Reached XP level 5. HP: 21/38 MP: 0/9
  3444 | D:4      | Gained mutation: You are partially covered in sharp spines.
                  | [demonic ancestry]
  3444 | D:4      | Reached XP level 6. HP: 46/46 MP: 5/10
  3539 | D:4      | Noticed a wyvern
  3553 | D:4      | Killed a wyvern
  4041 | D:4      | Found a staircase to the Ecumenical Temple.
  4120 | Temple   | Entered the Ecumenical Temple
  4176 | Temple   | Became a worshipper of Vehumet
  4249 | D:5      | Entered Level 5 of the Dungeon
  4260 | D:5      | Gained mutation: You are mostly covered in sharp spines.
                  | [demonic ancestry]
  4260 | D:5      | Reached XP level 7. HP: 51/52 MP: 10/12
  4300 | D:5      | Found a shimmering altar of Xom.
  4403 | D:5      | Reached skill level 4 in Stealth
  4426 | D:5      | Noticed Pikel
  4441 | D:5      | Killed Pikel
  4442 | D:5      | Reached skill level 5 in Ice Magic
  4442 | D:5      | Gained mutation: You are mostly covered in yellow scales.
                  | (AC +3) [demonic ancestry]
  4442 | D:5      | Reached XP level 8. HP: 19/60 MP: 5/14
  4601 | D:5      | Found a shadowy altar of Dithmenos.
  4768 | D:5      | Reached skill level 5 in Stealth
  5287 | D:6      | Reached skill level 5 in Spellcasting
  5341 | D:6      | Reached * piety under Vehumet
  5341 | D:6      | Offered knowledge of Shock by Vehumet.
  5353 | D:6      | Reached skill level 5 in Fighting
  5353 | D:6      | Reached skill level 5 in Dodging
  5427 | D:6      | Found an iron altar of Okawaru.
  5528 | D:6      | Gained mutation: You have sharp fingernails. [demonic
                  | ancestry]
  5528 | D:6      | Reached XP level 9. HP: 60/68 MP: 16/16
  5911 | D:6      | Learned a level 4 spell: Hailstorm
  5948 | D:6      | Found a shimmering blue altar of Sif Muna.
  6560 | D:6      | Reached ** piety under Vehumet
  6560 | D:6      | Offered knowledge of Foxfire by Vehumet.
  6718 | D:7      | Reached skill level 6 in Stealth
  6763 | D:7      | Found a sparkling altar of Nemelex Xobeh.
  6815 | D:7      | Found an ornate altar of the Wu Jian Council.
  6823 | D:7      | Found a sacrificial altar of Ru.
  6921 | D:7      | Got the Guide on the Arsonist and Transmigration
  7641 | D:8      | Offered knowledge of Static Discharge by Vehumet.
  7972 | D:8      | Found a staircase to the Lair.
  7973 | D:8      | Noticed an elephant
  7990 | D:8      | Reached XP level 10. HP: 77/77 MP: 13/19
  7998 | D:8      | Killed an elephant
  8033 | D:8      | Reached *** piety under Vehumet
  8043 | D:8      | Learned a level 2 spell: Static Discharge
  8586 | D:8      | Found a snail-covered altar of Cheibriados.
  8624 | D:9      | Noticed a two-headed ogre
  8630 | D:9      | Killed a two-headed ogre
  8631 | D:9      | Reached skill level 7 in Stealth
  8631 | D:9      | Reached skill level 1 in Shields
  8797 | D:9      | Offered knowledge of Fulminant Prism by Vehumet.
  9098 | D:9      | Found a hide-covered altar of Uskayaw.
  9215 | D:9      | Reached skill level 1 in Polearms
  9215 | D:9      | Reached skill level 1 in Air Magic
  9351 | D:10     | Entered Level 10 of the Dungeon
  9548 | D:10     | Found a stormy altar of Qazlal.
  9673 | D:10     | Found a runed translucent door.
  9714 | D:10     | Gained mutation: You are completely covered in sharp
                  | spines. [demonic ancestry]
  9714 | D:10     | Reached XP level 11. HP: 63/84 MP: 21/21
  9831 | D:10     | Reached **** piety under Vehumet
  9990 | D:10     | Noticed mcbry74's ghost (journeyman HOFi)
 10230 | D:10     | Identified a scroll of acquirement
 10230 | D:10     | Acquired a +1 demon trident of flaming
 10512 | D:11     | Offered knowledge of Conjure Flame by Vehumet.
 10596 | D:11     | Noticed Psyche
 10617 | D:11     | Killed Psyche
 10738 | D:11     | Noticed a boulder beetle
 10742 | D:11     | Reached skill level 8 in Stealth
 10939 | D:11     | Noticed a four-headed hydra
 11022 | D:11     | Found a staircase to the Orcish Mines.
 11364 | Orc:1    | Entered Level 1 of the Orcish Mines
 11367 | Orc:1    | Noticed an orc knight
 11490 | D:10     | Paralysed by a hornet for 1 turns
 11497 | D:10     | Killed mcbry74's ghost
 11609 | D:11     | Reached ***** piety under Vehumet
 11609 | D:11     | Offered knowledge of Eringya's Noxious Bog by Vehumet.
 11665 | D:10     | Killed an orc knight
 11788 | D:12     | Noticed a deep elf pyromancer
 11792 | D:12     | Killed a deep elf pyromancer
 12298 | D:12     | Noticed a two-headed ogre
 12362 | D:12     | Killed a two-headed ogre
 12363 | D:12     | Gained mutation: You have very sharp fingernails. [demonic
                  | ancestry]
 12363 | D:12     | Reached XP level 12. HP: 60/93 MP: 23/23
 12515 | D:12     | Found a portal to a secret trove of treasure.
 12711 | D:12     | You paid a toll of a +5 demon trident to enter a treasure
                  | trove
 12712 | Trove    | Entered a treasure trove
 12714 | Trove    | Found the +5 scythe "Finisher" {speed, eviscerate}
 12729 | Trove    | Identified the +4 lajatang of Tioruzae {pain, Will++}
 12899 | D:13     | Noticed a centaur warrior
 12906 | D:12     | Killed a centaur warrior
 13164 | D:11     | Killed a four-headed hydra
 13390 | Orc:2    | Entered Level 2 of the Orcish Mines
 13432 | Orc:2    | Found Jokhiuc's Antique Armour Shoppe.
 13442 | Orc:2    | Found a staircase to the Elven Halls.
 13447 | Orc:2    | Found Etass's Magic Scroll Shoppe.
 13545 | Orc:2    | Bought a scroll of teleportation for 51 gold pieces
 13545 | Orc:2    | Bought a scroll of holy word for 127 gold pieces
 13545 | Orc:2    | Bought a scroll of fear for 59 gold pieces
 13545 | Orc:2    | Bought a scroll of identify for 34 gold pieces
 13545 | Orc:2    | Bought a scroll of magic mapping for 59 gold pieces
 13545 | Orc:2    | Bought 2 scrolls of identify for 68 gold pieces
 13545 | Orc:2    | Bought a scroll of identify for 34 gold pieces
 13549 | Orc:2    | Bought a scroll of identify for 34 gold pieces
 13672 | Orc:2    | Noticed Erolcha
 13838 | Orc:2    | Found Caipracw's Magic Scroll Boutique.
 13847 | Orc:2    | Bought a scroll of immolation for 56 gold pieces
 13847 | Orc:2    | Bought a scroll of identify for 32 gold pieces
 13847 | Orc:2    | Bought a scroll of identify for 32 gold pieces
 13847 | Orc:2    | Bought a scroll of teleportation for 48 gold pieces
 13847 | Orc:2    | Bought a scroll of identify for 32 gold pieces
 13847 | Orc:2    | Bought a scroll of silence for 120 gold pieces
 13933 | Orc:2    | Killed Erolcha
 13946 | Orc:2    | Noticed an orc high priest
 13952 | Orc:2    | Noticed an orc high priest
 13955 | Orc:2    | Reached skill level 9 in Stealth
 13962 | Orc:2    | HP: 2/94 [orc high priest/divine providence (9)]
 13986 | Orc:2    | Killed from afar by an orc high priest

Illustrated notes

Levels and vault maps discovered:
D:1:      psy_arrival_terrarium, layout_loops_ring, minmay_lizard_king
D:2:      layout_basic, hellmonk_ecumenical_altar_arch_garden,
          minmay_small_reverse_x, uniq_robin
D:3:      layout_loops_ring, serial_shops, shop, shop_fountains,
          nicolae_shop_waterfront, shop, portal_sewer_entry_d
D:4:      layout_loops_ring, minmay_temple_entry_fiery
D:5:      cheibrodos_helix_gallery, layout_basic, lemuel_crystal_altar,
          marbit_many_paths, hangedman_decor_opposing, uniq_pikel
D:6:      layout_loops_corners, tgw_sif, lemuel_round_altar,
          mainiacjoe_overflow_brackets, chequers_mini_garden,
          hellmonk_bongcloud_opening, lexackson_kobold_supper
D:7:      layout_basic, nemelex_altar_shiori,
          mainiacjoe_overflow_catwalk_spiral, minmay_misc_feat_columns,
          minivault_19
D:8:      layout_basic, lemuel_tele_altar, david_lair_generic,
          chequers_serial_rivers_micro_c, grunt_decor_arrowhead
D:9:      layout_roguey, nicolae_uskayaw_murder_on_the_dancefloor,
          hangedman_weighted_door
D:10:     layout_roguey, grunt_qazlal_sundering, elyvilon_altar_1,
          ebering_ghost_inner_flame, pond
D:11:     layout_basic, erik_orc_4, uniq_psyche
D:12:     layout_basic, enter_trove_1
D:13:     layout_roguey, lightli_vaults_fourway_checkpoint,
          worldfamousw_hep_ancestral_shrine
Temple:   cyrus_temple_forest
Orc:1:    layout_caves, mines2_lemuel
Orc:2:    grunt_orc_tribal_feast, layout_caves, serial_shops, shop, shop,
          nicolae_diamond_shop, shop, special_room, uniq_erolcha

Skill      XL: |  1  2  3  4  5  6  7  8  9 10 11 12 |
---------------+-------------------------------------+-----
Stealth        | 2 3 4 5 6 7 8 9 |  9.0
Dodging        | 2 3 4 5 6 7 8 |  8.2
Fighting       | 1 2 3 4 5 6 7 8 |  8.8
Ice Magic      | 4 5 6 7 8 |  8.9
Spellcasting   | 3 4 5 6 7 8 |  8.2
Shields        | 2 4 |  4.8
Polearms       | 1 3 4 |  4.5
Air Magic      | 1 3 4 |  4.5

Action                   |  1- 3 |  4- 6 |  7- 9 | 10-12 || total
-------------------------+-------+-------+-------+-------++-------
Melee: Unarmed           |    38 |    29 |    27 |       ||    94
       Whip              |       |       |   260 |       ||   260
       Punch             |       |       |    10 |       ||    10
       Spear             |       |       |    19 |   377 ||   396
       Demon trident     |       |       |       |   122 ||   122
 Cast: Freeze            |    58 |    58 |    18 |     8 ||   142
       Frozen Ramparts   |     1 |     1 |    10 |    27 ||    39
       Ozocubu's Armour  |       |     1 |    10 |    32 ||    43
       Hailstorm         |       |       |     1 |    24 ||    25
Evoke: Wand              |       |       |       |     1 ||     1
  Use: Scroll            |       |       |       |    30 ||    30
       Potion            |       |       |       |     4 ||     4
 Stab: Sleeping          |     2 |     2 |    12 |    12 ||    28
       Distracted        |       |       |     1 |     3 ||     4
Armor: Robe              |    21 |       |       |       ||    21
       Animal skin       |       |    23 |       |       ||    23
       Troll leather arm |       |     8 |    94 |   155 ||   257
Dodge: Dodged            |    57 |    72 |   171 |   277 ||   577
Block: Buckler           |       |       |     5 |   109 ||   114
